 Dungeon Crawl Stone Soup version 0.31.0-1-g2c135a008e (webtiles) character file.

Game seed: 2993446551155263572

104 qw the Shooter (level 5, -2/40 HPs)
             Began as a Djinni Hunter on Jan 23, 2024.
             Slain by Grinder (3 damage)
             ... on level 3 of the Dungeon.
             The game lasted 00:00:06 (1930 turns).

qw the Shooter (Djinni Hunter)                      Turns: 1930, Time: 00:00:07

Health: -2/40      AC:  5    Str: 10    XL:     5   Next: 7%
Gold:   170        EV: 11    Int: 11    God:
                   SH:  0    Dex: 18

rFire   + + .        a - +0 shortbow
rCold   x . .        (shield currently unavailable)
rNeg    . . .        k - +0 ring mail
rPois   inf          (no helmet)
rElec   .            (no cloak)
rCorr   .            (no gloves)
SInv    .            (boots unavailable)
Will    .....        (no amulet)
Stlth   +            (no ring)
HPRegen 0.26/turn    (no ring)
MPRegen 0.00/turn

%: infuse magic (-3 HP)
@: weakened, flying
A: sickness immunity, fire resistance 2, cold vulnerability 1, float, innate
caster, HP casting, extra vitality 1
a: no special abilities


You were on level 3 of the Dungeon.
You visited 1 branch of the dungeon, and saw 3 of its levels.

You collected 170 gold pieces.


Innate Abilities, Weirdness & Mutations

You are immune to sickness and miasma.
You are immune to poison.
Your flesh is very heat resistant. (rF++)
You are vulnerable to cold. (rC-)
You float through the air rather than walking.
You learn spells naturally, not from books.
Your magical power is your life essence.
You have superior vitality. (+4 MHP)


   Skills:
 - Level 3.1 Fighting
 + Level 4.0 Ranged Weapons
 - Level 1.0 Armour
 - Level 3.0 Dodging
 - Level 0.7 Stealth


You knew the following spells:

 Your Spells              Type           Power      Damage    Failure   Level
a - Sting                 Conj/Alch      0%         1d3       65%         1
b - Call Imp              Summ           0%         N/A       80%         2
Your spell library was empty.

Inventory:

Hand Weapons
 a - a +0 shortbow (weapon)
Armour
 k - a +0 ring mail (worn)
Scrolls
 d - a scroll of blinking {unknown}
Potions
 b - a potion of might
 c - a potion of curing {unknown}
 f - a potion of degeneration {unknown}
 i - a potion of lignification {unknown}

Dungeon Overview and Level Annotations

Branches:
Dungeon (3/15)

Altars:

Annotations:
D:3 Grinder


Message History

The bat barely misses you. Grinder hits you.
You writhe in agony.
Grinder gestures at you. Pain shoots through your body!
The gnoll bouda hits you with a +0 whip.
You shoot an arrow. The arrow barely misses Grinder.
Grinder hits you but does no damage.
The gnoll bouda hits you with a +0 whip.
The bat hits you but does no damage.
You shoot an arrow. The arrow closely misses Grinder.
The bat hits you but does no damage.
The gnoll bouda hits you with a +0 whip.
Grinder hits you!
You writhe in agony.
1927 ||| DRINKING potion of heal wounds.
You feel much better. The bat closely misses you.
The bat hits you but does no damage.
The gnoll bouda hits you with a +0 whip.
Grinder hits you but does no damage. The bat completely misses you.
You shoot an arrow. The arrow hits Grinder.
Grinder is heavily wounded.
The bat hits you but does no damage.
The gnoll bouda hits you but does no damage.
Grinder hits you but does no damage. Grinder gestures at you.
Pain shoots through your body! The hobgoblin hits you.
The gnoll bouda hits you with a +0 whip!
You shoot an arrow.
The arrow hits Grinder but does no damage.
Grinder is heavily wounded.
The hobgoblin hits you but does no damage.
Grinder hits you.
You writhe in agony.
The gnoll bouda gazes fiercely through you!
You feel your attacks grow feeble.
The gnoll bouda hits you with a +0 whip.
You shoot an arrow. The arrow hits Grinder.
Grinder is heavily wounded.
The hobgoblin hits you. The gnoll bouda closely misses you.
Grinder sighs, "No one appreciates my work."
Grinder hits you.
You die...
Grinder sighs, "Dead already?
I want a refund."

......# #.#................
####..######
#.#.............)..
#.......####.#....############
#.#####...##.#....# . #.#
###.##.#...# .. #+#
#..#.#...#... ##...........
###.#5...... #.@gb.#.. ###g..#
....... ....... ^..#... ...#
.. .... . ....#


You could see Grinder, a gnoll bouda, a hobgoblin and a bat.

Vanquished Creatures
  4 adders
  2 dart slugs
  An orc (D:3)
  2 ball pythons
  10 endoplasms
  4 giant cockroaches
  11 goblins
  8 hobgoblins
  4 quokkas
  2 bats
  2 frilled lizards
  3 kobolds
  A rat (D:1)
54 creatures vanquished.

Notes
Turn   | Place    | Note
-------+----------+-------------------------------------------
     0 | D:1      | qw the Djinni Hunter began the quest for the Orb.
     0 | D:1      | Reached XP level 1. HP: 18/18 MP: 0/0
     0 | D:1      | 0 ||| qw: Version: 0.3-a-136-gdd3b4e8
     0 | D:1      | 0 ||| qw: Game counter: 1151
     0 | D:1      | 0 ||| qw: Melee chars always use a shield: true
     0 | D:1      | 0 ||| qw: God list: Okawaru
     0 | D:1      | 0 ||| qw: Allow faded altars: false
     0 | D:1      | 0 ||| qw: Do Orc after clearing Dungeon:15 true
     0 | D:1      | 0 ||| qw: Do second Lair branch before Depths: true
     0 | D:1      | 0 ||| qw: Lair rune preference: random
     0 | D:1      | 0 ||| qw: Goals: Normal
     0 | D:1      | 0 ||| PLANNING D:1-11
   127 | D:1      | Reached XP level 2. HP: 23/23 MP: 0/0
   469 | D:1      | Reached XP level 3. HP: 16/28 MP: 0/0
   469 | D:1      | Learned a level 1 spell: Sting
   590 | D:1      | Reached skill level 4 in Ranged Weapons
   853 | D:1      | 853 ||| READING scroll labelled XOJATE XICHIO.
   854 | D:1      | 854 ||| READING scroll labelled FOETZEOGIDU.
   855 | D:1      | 855 ||| READING 2 scrolls labelled COQEBL VIVITRI.
   855 | D:1      | 855 ||| IDENTIFYING viscous clear potion
   856 | D:1      | 856 ||| DROPPING scroll of butterflies.
  1045 | D:2      | Reached XP level 4. HP: 26/34 MP: 0/0
  1067 | D:2      | Reached skill level 3 in Fighting
  1283 | D:2      | 1283 ||| FLEEEEING.
  1284 | D:2      | 1284 ||| FLEEEEING.
  1285 | D:2      | 1285 ||| FLEEEEING.
  1286 | D:2      | 1286 ||| FLEEEEING.
  1359 | D:2      | Reached skill level 3 in Dodging
  1635 | D:2      | 1635 ||| UPGRADING to +0 ring mail.
  1645 | D:2      | 1645 ||| DROPPING +0 leather armour.
  1646 | D:2      | 1646 ||| READING scroll of identify.
  1646 | D:2      | 1646 ||| IDENTIFYING dark potion
  1647 | D:2      | 1647 ||| READING scroll labelled GAMYSO ELEOLYF.
  1648 | D:2      | 1648 ||| READING scroll labelled EBBECO HAMA.
  1649 | D:2      | 1649 ||| READING scroll labelled QUKHLA HAXU.
  1712 | D:2      | 1712 ||| READING scroll labelled VAJ WEAHUREDUCETI.
  1824 | D:3      | Identified the +3 mace of Hepliaklqana's Envy {speed, Str+3
                  | Int+4}
  1919 | D:3      | Noticed Grinder
  1921 | D:3      | Reached skill level 1 in Armour
  1921 | D:3      | Reached XP level 5. HP: 40/40 MP: 0/0
  1921 | D:3      | Learned a level 2 spell: Call Imp
  1926 | D:3      | HP: 7/40 [Grinder (5)]
  1927 | D:3      | 1927 ||| DRINKING potion of heal wounds.
  1930 | D:3      | HP: 1/40 [hobgoblin (4)]
  1930 | D:3      | Slain by Grinder

Levels and vault maps discovered:
D:1:      eino_arrival_cavern_e, layout_loops_ring, minmay_surrounded
D:2:      layout_loops_cross, st_stairs_7, grunt_ministairs_4,
          minmay_goblin_outpost
D:3:      layout_basic, mainiacjoe_overflow_concentric_impassable, st_stairs_5,
          uniq_natasha, uniq_crazy_yiuf_cottage, uniq_robin, uniq_grinder

Skill      XL: |  1  2  3  4 |
---------------+-------------+-----
Ranged Weapons | 4 |  4.0
Fighting       | 3 |  3.1
Dodging        | 3 |  3.0
Armour         | 1 |  1.0
Stealth        | |  0.7

Action                     |  1- 3 |  4- 6 || total
---------------------------+-------+-------++-------
   Fire: Shortbow          |   112 |    65 ||   177
    Use: Scroll            |     3 |     5 ||     8
         Potion            |       |     1 ||     1
 Armour: Leather armour    |    40 |     5 ||    45
         Ring mail         |       |    22 ||    22
  Dodge: Dodged            |    40 |    16 ||    56

Table legend:
 A = Non-vault XP
 B = Vault XP
 C = Vault XP percentage of total XP
 D = Non-vault monster count
 E = Vault monster count
 F = Vault count percentage of total count
                 A         B        C        D         E       F
            +---------+---------+-------+---------+---------+-------
      Total |     106 |      43 |  28.9 |      38 |      16 |  29.6
            +---------+---------+-------+---------+---------+-------
        D:1 |      27 |      10 |  27.0 |      14 |       6 |  30.0
        D:2 |      57 |      33 |  36.7 |      19 |      10 |  34.5
        D:3 |      22 |       0 |   0.0 |       5 |       0 |   0.0
            +---------+---------+-------+---------+---------+-------
